 Dungeon Crawl Stone Soup version 0.31.0-12-g77e489cdc1 (webtiles) character file.

Game seed: 2698971123968613724

241 spaghetti the Sneak (level 6, -2/45 (47) HPs)
             Began as a Human Chaos Knight on Mar 5, 2024.
             Was a Plaything of Xom.
             Slain by an orc priest
             ... wielding a +0 club
              (4 damage)
             ... on level 4 of the Dungeon.
             The game lasted 00:02:48 (2246 turns).

spaghetti the Sneak (Human Chaos Knight)            Turns: 2246, Time: 00:02:49

HP:   -2/45 (47)    AC:  7    Str: 13    XL:     6   Next: 8%
MP:   6/6           EV: 11    Int: 12    God:    Xom [..*...]
Gold: 110           SH:  0    Dex: 14    Spells: 5/5 levels left

rFire   . . .        k - +2 short sword (venom)
rCold   + . .        (no shield)
rNeg    . . .        b - +2 leather armour
rPois   +            e - +2 hat
rElec   .            (no cloak)
rCorr   .            (no gloves)
SInv    .            (no boots)
Will    .....        g - amulet of faith
Stlth   +++          h - ring of protection from cold
HPRegen 0.27/turn    i - ring of poison resistance
MPRegen 0.10/turn

%: faith
@: lightly drained
A: explore regen
a: Renounce Religion


You were on level 4 of the Dungeon.
You worshipped Xom.
You were a toy of Xom.
You visited 1 branch of the dungeon, and saw 4 of its levels.

You collected 110 gold pieces.

Inventory:

Hand Weapons
 a - a +0 short sword of chaos
 k - a +2 short sword of venom (weapon)
Armour
 b - a +2 leather armour (worn)
 e - a +2 hat (worn)
Jewellery
 g - an amulet of faith (around neck)
 h - a ring of protection from cold (left hand)
 i - a ring of poison resistance (right hand)
Wands
 d - a wand of flame (21)
Scrolls
 c - a scroll of butterflies
 f - a scroll of immolation
 l - a scroll of revelation
 n - a scroll of identify
Potions
 m - a potion of brilliance


   Skills:
 - Level 3.0 Fighting
 - Level 3.0 Short Blades
 - Level 2.0 Armour
 - Level 1.0 Dodging
 + Level 6.3 Stealth


You had 5 spell levels left.
You didn't know any spells.
Your spell library was empty.

Dungeon Overview and Level Annotations

Branches:
Dungeon (4/15)
 Temple: D:4-7

Altars:
Ru

Shops:
D:1 *

Annotations:
D:4 Menkaure


Innate Abilities, Weirdness & Mutations

You regain HP and MP as you explore.


Message History

You hit something. The orc barely misses you.
You hear some strange, mumbled words.
You are confused.
Unknown command.
Unknown command.
Okay, then.
You completely miss something. The orc closely misses you.
Something hits you but does no damage.
You hit something.
Reactivating autopickup.
You feel a bit more experienced.
The orc hits you from afar with a +0 trident.
You have reached level 6!
Unknown command.
Unknown command.
The orc priest calls down the wrath of Beogh upon you.
Beogh smites you!
* * * LOW HITPOINT WARNING * * *
The orc hits you with a +0 trident.
* * * LOW HITPOINT WARNING * * *
Xom thinks this is hilarious!
Things that are here:
a +0 dagger; a +0 robe Unknown command.
Okay, then.
You are too confused!
Unknown command.
You bump into the rock wall.
The orc misses you.
The orc priest looks braver for a moment.
You hit the orc.
The orc is poisoned.
The orc is severely wounded.
You kill the orc!
You bump into the rock wall.
You're too confused to move!
You feel less confused.
Xom guffaws.
You conjure a globe of magical energy.
The orc priest closely misses you.
Unknown command.
You closely miss the orc priest. The orc priest hits you with a +0 club.
You die...

#.# #.# #.#
#$# #†# #.#
#)#
#########.#
......o@*)#
###########


You could see an orc priest and a friendly battlesphere.

Vanquished Creatures
  A bombardier beetle (D:3)
  2 orc priests
  Natasha (thrice) (D:3)
  An orc wizard (D:4)
  An adder (D:3)
  2 dart slugs (D:1)
  8 orcs
  5 ball pythons
  3 bats
  2 endoplasms
  3 goblins (D:1)
  A hobgoblin (D:1)
  2 jackals (D:3)
  A quokka (D:1)
  A frilled lizard (D:1)
  4 kobolds
  3 rats
43 creatures vanquished.

Notes
Turn   | Place    | Note
-------+----------+-------------------------------------------
     0 | D:1      | spaghetti the Human Chaos Knight began the quest for the
                  | Orb.
     0 | D:1      | Reached XP level 1. HP: 18/18 MP: 1/1
    60 | D:1      | Reached skill level 1 in Stealth
    84 | D:1      | XOM: divination: detect creatures
   147 | D:1      | Reached XP level 2. HP: 24/24 MP: 2/2
   205 | D:1      | Reached skill level 2 in Stealth
   274 | D:1      | Found Kegus's Assorted Antiques.
   534 | D:1      | XOM: divination: magic mapping
   692 | D:1      | XOM: 6-stop teleportation journey
   776 | D:1      | Reached XP level 3. HP: 29/29 MP: 3/3
  1205 | D:3      | XOM: noise
  1239 | D:3      | XOM: scenery: summon butterflies
  1273 | D:3      | XOM: summons 1 hostile demon
  1311 | D:3      | Noticed Natasha
  1318 | D:3      | Killed Natasha
  1319 | D:3      | Reached skill level 3 in Stealth
  1343 | D:3      | XOM: swap monsters
  1352 | D:3      | Reached skill level 4 in Stealth
  1352 | D:3      | Reached XP level 4. HP: 33/35 MP: 4/4
  1456 | D:3      | Noticed Natasha
  1462 | D:3      | Killed Natasha
  1463 | D:3      | Reached skill level 5 in Stealth
  1463 | D:3      | Reached XP level 5. HP: 36/41 MP: 5/5
  1557 | D:3      | Found a sacrificial altar of Ru.
  1575 | D:3      | Noticed Natasha
  1593 | D:3      | Killed Natasha
  1740 | D:3      | XOM: draining
  1869 | D:3      | XOM is BORED!
  2004 | D:3      | Found a faded altar of an unknown god.
  2111 | D:4      | Noticed Menkaure
  2112 | D:4      | XOM: silly message
  2159 | D:3      | XOM: silly message
  2192 | D:3      | XOM: divination: detect creatures
  2221 | D:4      | Reached skill level 6 in Stealth
  2231 | D:4      | XOM: noise
  2241 | D:4      | Reached XP level 6. HP: 15/45 MP: 6/6
  2241 | D:4      | HP: 1/45 [orc/+0 trident (3)]
  2245 | D:4      | XOM: cast spell 'Iskenderun's Battlesphere'
  2246 | D:4      | Slain by an orc priest

Illustrated notes

Levels and vault maps discovered:
D:1:      onia_arrival_pyramid, layout_loops_corners, serial_shops, shop,
          wad_floor_pattern_untrapped, minmay_misc_feat_tower
D:2:      kennysheep_six_static_rooms, layout_basic, kennysheep_generic_room_3
D:3:      layout_loops_ring, mainiacjoe_overflow_surrounded_room,
          dilly_ecumenical_altar_fadedgnrine, kennysheep_donut, uniq_natasha
D:4:      layout_loops_ring, gammafunk_ghost_stat_death,
          gup_sewer_entry_bubbles, uniq_menkaure

Skill      XL: |  1  2  3  4  5 |
---------------+----------------+-----
Stealth        | 1 2 4 5 6 |  6.3
Fighting       | |  3.0
Short Blades   | |  3.0
Armour         | |  2.0
Dodging        | |  1.0

Action                     |  1- 3 |  4- 6 || total
---------------------------+-------+-------++-------
  Melee: Short sword       |    86 |    71 ||   157
         Punch             |     1 |       ||     1
    Use: Potion            |     4 |     1 ||     5
         Scroll            |     2 |     2 ||     4
   Stab: Sleeping          |     3 |     1 ||     4
 Armour: Leather armour    |    38 |    42 ||    80
  Dodge: Dodged            |    26 |    38 ||    64
